AoeStats
← DIO

Arabia

506549168Analyzed
1v1 RM · 17d ago on Sep 14, 2026· 22m 54s· 2 players
Game mode
Random Map
Map size
Tiny (2 player)
Population
200
Speed
Normal
Resources
Standard
Victory
Conquest
Starting age
Dark Age
Ending age
Imperial Age
RankedLock teamsTeams togetherTeam positionsShared explorationLock speedFull tech treeHidden civsTurbo modeCheats
Victory
Defeat
🇹🇷 Khmer · Türkiye
828
+34
🇺🇸 Ethiopians · United States
786
-14
yxkks
6:16 Loom
10:31 Feudal Age
11:28 Double-Bit Axe
13:32 Fletching
13:47 Horse Collar
DIO
9:57 Feudal Age
8:34 Loom
12:06 Double-Bit Axe
13:06 Bloodlines
24:04 Castle Age
Connection lost

Rejoining the realm…

Still unreachable

The connection could not be restored.

Session expired

The server has moved on; the page needs a fresh start.